Unix NetHack Version 5.0.0-0 post-release - last build May 23 2026 06:08:33 (1c0ff79ee797540d5714e4e18072db0edd9e58ae,branch:main).

Game began 2026-05-24 14:31:39, ended 2026-05-24 17:53:03.

Atomicjoy, chaotic male elven Wizard

                                 -----  ------
                                 |...|  |....|
                                 |.`.----..`.|
                                 |........``.|
                                 |..--->---..|
                                ---.---------|
                                |..@..|<.^.^.|
                                |..`B`|----^.|
                                |...`.|   |^--
                                |...`%-----^|
                                |%.`.`^^^^^^|
                                ----------..|
                                         ----

Atomicjoy the Conjurer    St:11 Dx:12 Co:13 In:19 Wi:12 Ch:11  Chaotic
Dlvl:7  $:561 HP:0(33) Pw:25(53) AC:7  Xp:4/135 T:2043  Burdened

Latest messages:
 The giant ant bites!
 In what direction? 1
 The spell hits the giant ant!
 You kill the giant ant!
 The housecat misses the coyote.
 You hear some noises.
 You hear some noises in the distance.
 You hear some noises.
 You hear some noises in the distance.
 You kill the lichen!
 You see here a lichen corpse.
 u - a lichen corpse (2 in total).
 You hear some noises in the distance.
 You hear some noises in the distance.
 In what direction? 6
 The spell hits the giant ant!
 You kill the giant ant!
 You descend the stairs.
 You hear the tones of courtly conversation.
 The door resists!
 The door opens.
 KAABLAMM!!!  You triggered a land mine!
 Your movements are slowed slightly because of your load.
 You fall into a pit!
 You are still in a pit.
 You are still in a pit.
 You are still in a pit.
 You crawl to the edge of the pit.
 You climb up the stairs.
 There is a branch staircase down to the Dungeons of Doom here.
 You see here a tiger eye ring.
 You have a little trouble lifting R - a tiger eye ring.
 With great effort you move the boulder.
 You see here a tripe ration.
 You have a little trouble lifting K - a tripe ration (3 in total).
 With great effort you move the boulder.
 With great effort you move the boulder.
 The giant bat bites!
 The giant bat bites!
 The giant bat bites!
 In what direction? 3
 The spell hits the giant bat.
 The giant bat bites!
 The giant bat bites!
 In what direction? 3
 The spell misses the giant bat.
 The giant bat bites!
 The giant bat bites!
 You die...
 Do you want your possessions identified? [ynq] (y) q

Inventory:
 Coins    ('$')
  $ - 561 gold pieces
 Weapons  (')')
  s - a +0 orcish dagger
  y - a +0 flail
  a - a blessed +1 quarterstaff (weapon in hands)
 Armor    ('[')
  t - an uncursed +0 orcish helm (being worn)
  B - an uncursed +0 pair of leather gloves (being worn)
  b - an uncursed +0 cloak of magic resistance (being worn)
  M - an uncursed +0 Hawaiian shirt with a flamingo motif
 Comestibles  ('%')
  v - 3 uncursed food rations
  K - 3 uncursed tripe rations
  u - 2 uncursed lichen corpses
 Scrolls  ('?')
  z - 2 uncursed scrolls of confuse monster
  L - an uncursed scroll of create monster
  k - an uncursed scroll of destroy armor
  j - an uncursed scroll of gold detection
  i - an uncursed scroll of light
  J - an uncursed scroll of taming
  w - an uncursed scroll of teleportation
 Potions  ('!')
  N - an uncursed potion of enlightenment
  h - 2 uncursed potions of fruit juice
  q - a cursed potion of gain level
  F - an uncursed potion of levitation
  P - an uncursed potion of restore ability
  f - an uncursed potion of see invisible
  g - an uncursed potion of speed
 Rings    ('=')
  d - an uncursed ring of invisibility
  e - an uncursed ring of regeneration
  R - a cursed ring of teleport control
 Wands    ('/')
  c - a blessed wand of digging (0:5)
  x - a wand of digging (0:8)
  O - a wand of lightning (0:5)
 Tools    ('(')
  p - an uncursed bugle
  o - an uncursed blindfold
  G - a cursed brass lantern
  n - a magic marker (0:22)
  Q - an uncursed mirror
  r - an uncursed skeleton key
 Gems/Stones  ('*')
  A - an uncursed worthless piece of black glass
  H - an uncursed worthless piece of green glass

Atomicjoy the Wizard's attributes:

Background:
 You were a Conjurer, a level 4 male elven Wizard.
 You were chaotic, on a mission for Anhur
 who was opposed by Ptah (lawful) and Thoth (neutral).
 You were right-handed.
 You were in Sokoban, on level 7.
 You entered the dungeon 2043 turns ago.
 You had 135 experience points, 25 more were needed to attain level 5.

Basics:
 You had 0 out of 33 hit points.
 You had 25 out of 53 energy points (spell power).
 Your armor class was 7.
 Your wallet contained 561 zorkmids.
 Autopickup was off.

Final Characteristics:
 Your strength was 11 (limit:18).
 Your dexterity was 12 (base:13, limit:18).
 Your constitution was 13 (limit:16).
 Your intelligence was 19 (limit:20).
 Your wisdom was 12 (limit:20).
 Your charisma was 11 (limit:18).

Final Status:
 You had wounded legs.
 You weren't hungry.
 You were burdened; movement was slightly slowed.
 You were wielding a quarterstaff.
 You had basic skill with quarterstaff.

Final Attributes:
 You were devoutly aligned.
 You were magic-protected.
 You were sleep resistant.
 You had infravision.
 You were warded.
 You are dead.

Miscellaneous:
 You didn't encounter any bones levels.
 Total elapsed playing time was 48 minutes and 48 seconds.

Major events:
 Turn
    1: Atomicjoy the chaotic male elven Wizard entered the dungeon
  966: entered the Gnomish Mines
 1446: attained the rank of Conjurer (level 3)
 1789: consulted the Oracle
 1999: entered Sokoban
 2043: killed by a giant bat

Spells:
 Name                 Level Category     Fail Retention
 force bolt             1   attack         0%   81%-90%
 confuse monster        1   enchantment    0%   81%-90%
 remove curse           3   clerical      81%  76%-100%

Skills:
 Fighting Skills
   bare handed combat [Unskilled]
   riding             [Unskilled]
 Weapon Skills
   dagger             [Unskilled]
   knife              [Unskilled]
   axe                [Unskilled]
   short sword        [Unskilled]
   club               [Unskilled]
   mace               [Unskilled]
   quarterstaff       [Basic]
   polearms           [Unskilled]
   spear              [Unskilled]
   trident            [Unskilled]
   sling              [Unskilled]
   dart               [Unskilled]
   shuriken           [Unskilled]
 Spellcasting Skills
   attack spells      [Basic]
   healing spells     [Unskilled]
   divination spells  [Unskilled]
   enchantment spells [Basic]
   clerical spells    [Unskilled]
   escape spells      [Unskilled]
   matter spells      [Unskilled]

Voluntary challenges:
 Character rerolling was not enabled.
 You never genocided any monsters.
 You never polymorphed an object.
 You never changed form.
 You used no wishes.
 You did not violate any of the special Sokoban rules.
Achievements:
 You entered a shop.
 You entered the Gnomish Mines.
 You attained the rank of Conjurer.
 You consulted the Oracle of Delphi.
 You entered Sokoban.

 The Dungeons of Doom: levels 1 to 8
    Level 1:
       Some fountains.
    Level 2:
    Level 3:
       A general store, a fountain.
    Level 4:
       Stairs down to The Gnomish Mines.
    Level 5:
       A general store, a fountain.
    Level 6:
       A fountain.
    Level 7:
       Many fountains.
       Oracle of Delphi.
    Level 8:
       Stairs up to Sokoban, level 7.
 The Gnomish Mines:
    Level 5:
 Sokoban:
    Level 7: <- You were here.
       Unsolved.
       Final resting place for
          you, killed by a giant bat.


Vanquished creatures:
  a shrieker
  2 giant ants
  2 floating eyes
  a homunculus
  a kobold shaman
 an iguana
  a coyote
  a gas spore
  a hobbit
  a large kobold
  2 giant rats
  3 cave spiders
  a green mold
  2 gnomes
  a gecko
  a jackal
  3 foxes
  a kobold
  a goblin
  a sewer rat
  2 grid bugs
  4 lichens
  a kobold zombie
  5 newts
40 creatures vanquished.

No species were genocided or became extinct.

Game over:
                       ----------
                      /          \
                     /    REST    \
                    /      IN      \
                   /     PEACE      \
                  /                  \
                  |    Atomicjoy     |
                  |      561 Au      |
                  |   killed by a    |
                  |    giant bat     |
                  |                  |
                  |                  |
                  |       2026       |
                 *|     *  *  *      | *
        _________)/\\_//(\/(/\)/\//\/|_)_______

Goodbye Atomicjoy the Wizard...

You died in Sokoban on dungeon level 7 with 1396 points,
and 561 pieces of gold, after 2043 moves.
You were level 4 with a maximum of 33 hit points when you died.

